 Dungeon Crawl Stone Soup version 0.30.0-15-g856e2d3f33 (webtiles) character file.

Game seed: 2379046790614807328

42 growler the Insei (level 3, -5/26 HPs)
             Began as a Merfolk Transmuter on May 18, 2023.
             Slain by Natasha (7 damage)
             ... on level 2 of the Dungeon on May 19, 2023.
             The game lasted 00:03:36 (1451 turns).

growler the Insei (Merfolk Transmuter)              Turns: 1451, Time: 00:03:38

Health: -5/26      AC:  2    Str: 10    XL:     3   Next: 56%
Magic:  6/6        EV: 12    Int: 14    God:
Gold:   96         SH:  0    Dex: 14    Spells: 1/7 levels left

rFire   . .          .
                       - Unarmed
rCold   . . .        (no shield)
rNeg    . . .        a - +0 robe
rPois   .            (helmet currently unavailable)
rElec   .            (no cloak)
rCorr   .            (no gloves)
SInv    .            (boots currently unavailable)
Will    .....        (no amulet)
Stlth   +            (no ring)
HPRegen 0.24/turn    (no ring)
MPRegen 0.10/turn

%: no passive effects
@: appendages, slowed, very slow
A: horns 2, (nimble swimmer 2), mertail
a: End Transformation


You were on level 2 of the Dungeon.
You had temporarily grown beastly horns.
You visited 1 branch of the dungeon, and saw 2 of its levels.

You collected 96 gold pieces.

Inventory:

Armour
 a - a +0 robe (worn)
Scrolls
 d - a scroll of teleportation {unknown}
 e - 3 scrolls of enchant weapon {unknown}
 h - a scroll of poison {unknown}
 i - 2 scrolls of identify {unknown}
 l - 2 scrolls of fog {unknown}
Potions
 b - a potion of lignification
 c - 2 potions of curing {unknown}
 f - 2 potions of degeneration {unknown}
 g - a potion of attraction {unknown}
 j - a potion of brilliance {unknown}
 k - a potion of heal wounds {unknown}


   Skills:
 - Level 1.1 Fighting
 - Level 2.6 Dodging
 + Level 3.9 Unarmed Combat
 + Level 2.6 Spellcasting
 + Level 3.6 Transmutations


You had one spell level left.
You knew the following spells:

 Your Spells              Type           Power      Damage    Failure   Level
a - Beastly Appendage     Tmut           24%        N/A       4%          1
b - Wereblood             Tmut           12%        N/A       8%          2
c - Spider Form           Tmut/Pois      6%         N/A       32%         3

Your spell library contained the following spells:

 Spells                   Type           Power      Damage    Failure   Level
 Ice Form                 Ice/Tmut       6%         N/A       71%         4


Dungeon Overview and Level Annotations

Branches:
Dungeon (2/15)

Altars:
Sif Muna

Annotations:
D:2 Natasha


Innate Abilities, Weirdness & Mutations

You have temporarily grown beastly horns.
((You are very nimble when in or above water. (Stealth+, EV+, Speed+++)))
Your lower body shifts to a powerful aquatic tail in water.


Message History

You hit the endoplasm.
You kill the endoplasm!
No target in view!
Your horns disappear.
Found a stone staircase leading down.
Natasha, Servant of Life and Death comes into view.
Natasha casts a spell at you.
You feel yourself slow down.
You grow a pair of large bovine horns.
Natasha casts a spell at you. The magic dart hits you.
You hit Natasha. Your headbutt misses Natasha.
Natasha is moderately wounded.
Natasha claws you. Natasha misses you.
You closely miss Natasha.
Natasha is moderately wounded.
Natasha stares at you and mumbles some strange words.
The magic dart hits you!
You barely miss Natasha.
Natasha is moderately wounded.
Natasha mumbles some strange words.
You hit Natasha.
Natasha is heavily wounded.
Natasha claws you. The cerulean imp misses you. Natasha closely misses you.
You hit Natasha.
Natasha is severely wounded.
The cerulean imp hits you from afar with a +1 spear.
Natasha barely misses you.
You miss Natasha.
Natasha is severely wounded.
The cerulean imp barely misses you. Natasha claws you but does no damage.
The cerulean imp hits you but does no damage.
You hit Natasha. Your headbutt misses Natasha.
Natasha is almost dead.
Natasha claws you!
* * * LOW HITPOINT WARNING * * *
The cerulean imp hits you from afar with a +1 spear.
* * * LOW HITPOINT WARNING * * *
Natasha claws you!
You die...

#.# #. #.# #. #.# #.
#.######## #......# #
#......###
###############.........
........................
.....5h@..............##
.........######......#..
##..###### ########.#
#.. ######..# #
#........ #######.#
#...# ##..# #...


You could see Natasha and a cerulean imp (summoned).

Vanquished Creatures
  2 dart slugs (D:1)
  2 ball pythons (D:1)
  3 bats (D:1)
  3 endoplasms
  4 goblins (D:1)
  8 hobgoblins (D:1)
  4 kobolds
  2 quokkas (D:1)
  A frilled lizard (D:1)
  4 rats
33 creatures vanquished.

Notes
Turn   | Place    | Note
-------+----------+-------------------------------------------
     0 | D:1      | growler the Merfolk Transmuter began the quest for the Orb.
     0 | D:1      | Reached XP level 1. HP: 15/15 MP: 3/3
    97 | D:1      | Found a faded altar of an unknown god.
   214 | D:1      | Reached XP level 2. HP: 15/21 MP: 3/5
   221 | D:1      | Learned a level 2 spell: Wereblood
   822 | D:1      | Reached XP level 3. HP: 26/26 MP: 4/6
   826 | D:1      | Learned a level 3 spell: Spider Form
  1229 | D:2      | Found a shimmering blue altar of Sif Muna.
  1441 | D:2      | Noticed Natasha
  1451 | D:2      | Slain by Natasha

Illustrated notes

Levels and vault maps discovered:
D:1:      matt_arrival_spirals, layout_basic,
          chequers_ecumenical_altar_simple_redux, minmay_box_of_dots
D:2:      kennysheep_six_static_rooms, layout_rooms, basic_altar,
          minmay_fractal_squares_5, uniq_natasha

Skill      XL: |  1 |
---------------+----+-----
Transmutations | 3 |  3.6
Fighting       | |  1.1
Dodging        | |  2.6
Unarmed Combat | |  3.9
Spellcasting   | |  2.6

Action                     || total
---------------------------++-------
  Melee: Unarmed           ||    85
         Headbutt          ||     5
         Punch             ||     3
   Cast: Beastly Appendage ||    22
 Armour: Robe              ||    12
  Dodge: Dodged            ||    46
